 Dungeon Crawl Stone Soup version 0.27.1-1-g398f81649c (webtiles) character file.

Game seed: 10214014138961459391

1259 Jabberih the Martial Artist (level 8, -10/51 HPs)
             Began as an Octopode Transmuter on Sept 9, 2021.
             Killed by divine providence
             ... invoked by an orc priest
              (15 damage)
             ... on level 6 of the Dungeon.
             The game lasted 00:11:20 (7561 turns).

Jabberih the Martial Artist (Octopode Transmuter)   Turns: 7561, Time: 00:11:21

Health: -10/51     AC:  1    Str: 12    XL:     8   Next: 51%
Magic:  11/11      EV: 13    Int: 15    God:
Gold:   231        SH:  0    Dex: 12    Spells: 3/11 levels left

rFire    . . .     SeeInvis +     - Unarmed
rCold    + . .     Faith    .   (no shield)
rNeg     . . .     Spirit   .   (helmet restricted)
rPois    .         Reflect  .   (no amulet)
rElec    .         Harm     .   h - ring of see invisible
rCorr    .         Rampage  .   n - ring of wizardry
Will     .....                  o - ring of protection from cold
Stlth    ++........             (no ring)
HPRegen  0.17/turn              (no ring)
MPRegen  0.12/turn              (no ring)
                                (no ring)
                                (no ring)

@: very slightly contaminated, invisible
A: almost no armour, amphibious, 8 rings, camouflage 1, gelatinous body 1,
(nimble swimmer 1), tentacles
a: no special abilities


You were on level 6 of the Dungeon.
You visited 1 branch of the dungeon, and saw 6 of its levels.

You collected 231 gold pieces.

Inventory:

Missiles
 e - 131 stones
 f - 54 sling bullets
 p - 2 javelins (quivered)
Jewellery
 h - a ring of see invisible (left tentacle)
 n - a ring of wizardry (right tentacle)
 o - a ring of protection from cold (on tentacle)
 t - a +6 ring of dexterity
 x - an amulet of guardian spirit
Wands
 k - a wand of charming (8)
 l - a wand of polymorph (13)
 q - a wand of digging (7)
 v - a wand of iceblast (4)
 w - a wand of mindburst (16)
Scrolls
 b - a scroll of acquirement {unknown}
 d - 6 scrolls of identify {unknown}
 g - 2 scrolls of enchant armour {unknown}
 m - 2 scrolls of immolation {unknown}
 r - 2 scrolls of fear {unknown}
 u - 2 scrolls of teleportation {unknown}
 y - a scroll of blinking {unknown}
 A - a scroll of summoning {unknown}
 B - a scroll of silence {unknown}
 C - 3 scrolls of enchant weapon {unknown}
Potions
 a - a potion of berserk rage {unknown}
 c - 2 potions of curing
 j - 2 potions of lignification
 s - a potion of brilliance {unknown}
 z - 2 potions of cancellation {unknown}
 D - a potion of heal wounds {unknown}


   Skills:
 + Level 2.6 Fighting
 + Level 3.2 Dodging
 * Level 9.7 Unarmed Combat
 - Level 2.0 Spellcasting
 - Level 2.0 Transmutations


You had 3 spell levels left.
You knew the following spells:

 Your Spells              Type           Power      Damage    Failure   Level
a - Beastly Appendage     Tmut           14%        N/A       4%          1
b - Wereblood             Tmut           7%         N/A       6%          2
c - Spider Form           Tmut/Pois      2%         N/A       17%         3
d - Passwall              Tmut/Erth      3%         N/A       9%          2

Your spell library contained the following spells:

 Spells                   Type           Power      Damage    Failure   Level
 Sandblast                Erth           2%         2d4       9%          1
 Shock                    Conj/Air       4%         1d3       9%          1
 Ice Form                 Ice/Tmut       4%         N/A       47%         4
 Olgreb's Toxic Radiance  Pois           1%         N/A       61%         4
 Lee's Rapid Deconstruct  Erth           0%         3d5*      91%         5
 Ozocubu's Refrigeration  Ice            0%         4d5       100%        7
 Ignition                 Fire           0%         3d3       100%        8


Dungeon Overview and Level Annotations

Branches:
Dungeon (6/15)
 Temple: D:4-7

Altars:
Cheibriados
Kikubaaqudgha
Sif Muna
Vehumet
Xom

Annotations:
D:5 2 runed translucent doors, Descartes's ghost, amateur TrDe
D:6 Dowan; Duvessa


Innate Abilities, Weirdness & Mutations

You cannot wear most types of armour.
You are amphibious.
You can wear up to eight rings at the same time.
Your skin changes colour to match your surroundings (Stealth+).
Your rubbery body absorbs attacks. (AC +1, EV +1)
((You are camouflaged near water. (Stealth+)))
You have tentacles for arms and can constrict up to eight enemies at once.


Message History

Casting: Spider Form (dangerous; 17% risk of failure)
Confirm with . or Enter, or press ? or * to list all spells.
You turn into a venomous arachnid creature.
The orc wizard shouts!
You hear a shout!
The orc wizard points at you and mumbles some strange words.
The puff of flame hits you!
You start resting.
Your transformation is almost over.
The orc priest shouts!
An orc priest comes into view. It is wielding a +0 club.
The orc priest drinks a potion.
The orc priest flickers and vanishes for a moment.
The orc wizard points at you and mumbles some strange words.
The magic dart hits you!
An orc wizard comes into view. It is wielding a +0 dagger.
The orc wizard shouts!
You hear a shout!
You bite the orc wizard!
The orc wizard is poisoned.
The orc wizard is heavily wounded.
You hit the orc wizard.
You kill the orc wizard!
Duvessa, Sister of Dowan comes into view.
She is wielding a +2 rapier of electrocution.
The orc priest invokes the aid of Beogh against you.
Pain shoots through your body!
Your transformation has ended.
Dowan, Brother of Duvessa comes into view.
He is wielding a +0 dagger.
Okay, then.
The orc priest calls down the wrath of Beogh upon you.
Beogh smites you!
Dowan shouts!
You see here 13 bolts.
The orc priest invokes the aid of Beogh against you.
Beogh smites you!
* * * LOW HITPOINT WARNING * * *
Okay, then.
You fade into invisibility!
You are very lightly contaminated with residual magic.
Duvessa says, "Where magic fails, the sword succeeds!"
The orc priest calls down the wrath of Beogh upon you.
Beogh smites you!
You die...

#[#.# ########.## #.#.#
#......o#.. #.#.# #.######.#.
####.#.# #...# #.#. #...)#.#
#...####.#.
###.)..#.########(.....).#.
#............#..o......###.
#.........#..e.e.......# #.
######.......#.@..#.........# #.
#..........######.####..........
######.....# #.# #...#####
##<#.## #.# #...# #.....# #.#
#..## #.###.# #.# ... #.# .# #.#
'# #.# # ...


You could see Duvessa, Dowan and an orc priest.

Vanquished Creatures
  Eustachio (D:6)
  An ice beast (D:5)
  A black bear (D:4)
  A centaur (D:5)
  A phantom (D:5)
  Blork the orc (D:6)
  A scorpion (D:4)
  A howler monkey (D:4)
  3 hounds (D:4)
  An orc priest (D:6)
  Ijyb (D:3)
  A centaur skeleton (D:6)
  2 gnoll shamans (D:4)
  An iguana (D:5)
  A scorpion zombie (D:4)
  5 orc wizards
  4 adders
  6 gnolls (D:4)
  A howler monkey skeleton (D:4)
  A white imp (D:5)
  A worm (D:2)
  A dart slug (D:4)
  11 orcs
  4 ball pythons
  6 bats
  9 endoplasms
  11 giant cockroaches
  3 hobgoblins
  7 jackals (D:2)
  2 quokkas
  2 frilled lizards (D:2)
  7 goblins
  4 kobolds
103 creatures vanquished.

Vanquished Creatures (others)
  An orc (D:5)
1 creature vanquished.

Grand Total: 104 creatures vanquished

Notes
Turn   | Place    | Note
-------+----------+-------------------------------------------
     0 | D:1      | Jabberih the Octopode Transmuter began the quest for the
                  | Orb.
     0 | D:1      | Reached XP level 1. HP: 13/13 MP: 3/3
   464 | D:1      | Reached XP level 2. HP: 4/18 MP: 5/5
   786 | D:1      | Learned a level 2 spell: Wereblood
  1612 | D:2      | Reached skill level 4 in Unarmed Combat
  1649 | D:2      | Reached XP level 3. HP: 9/23 MP: 4/6
  1874 | D:2      | Found a faded altar of an unknown god.
  1905 | D:2      | Learned a level 3 spell: Spider Form
  2632 | D:3      | Reached XP level 4. HP: 28/28 MP: 5/7
  2810 | D:3      | Noticed Ijyb
  2820 | D:3      | Killed Ijyb
  2821 | D:3      | Reached skill level 5 in Unarmed Combat
  3025 | D:3      | Reached XP level 5. HP: 33/33 MP: 8/8
  3535 | D:4      | Noticed a black bear
  3548 | D:4      | Killed a black bear
  3549 | D:4      | Reached skill level 6 in Unarmed Combat
  3583 | D:4      | Reached XP level 6. HP: 4/38 MP: 5/9
  3583 | D:4      | HP: 1/57 [poisoned by a scorpion]
  4043 | D:4      | Found a shimmering blue altar of Sif Muna.
  4050 | D:4      | Reached skill level 7 in Unarmed Combat
  4089 | D:4      | Found an ancient bone altar of Kikubaaqudgha.
  4101 | D:4      | Found a radiant altar of Vehumet.
  4179 | D:4      | Got Vehumet's Incunabulum of Conjuration
  4391 | D:4      | Reached XP level 7. HP: 40/43 MP: 5/10
  4481 | D:4      | Learned a level 2 spell: Passwall
  4523 | D:4      | Reached skill level 8 in Unarmed Combat
  4740 | D:4      | HP: 1/43 [gnoll shaman (5)]
  5257 | D:5      | Entered Level 5 of the Dungeon
  5466 | D:4      | Reached skill level 9 in Unarmed Combat
  5852 | D:5      | Reached XP level 8. HP: 29/48 MP: 8/11
  6024 | D:5      | Found a shimmering altar of Xom.
  6044 | D:5      | Found a runed translucent door.
  6051 | D:5      | Noticed Descartes's ghost (amateur TrDe)
  6282 | D:5      | Found a snail-covered altar of Cheibriados.
  6507 | D:5      | Found a runed translucent door.
  6924 | D:6      | Noticed Blork the orc
  6947 | D:6      | Killed Blork the orc
  7216 | D:6      | Noticed Eustachio
  7249 | D:6      | Killed Eustachio
  7541 | D:6      | Noticed Duvessa
  7550 | D:6      | Noticed Dowan
  7561 | D:6      | Killed from afar by an orc priest

Illustrated notes

Levels and vault maps discovered:
D:1:      onia_arrival_pyramid, layout_basic
D:2:      layout_rooms, basic_ecumenical_altar, minmay_misc_feat_iff
D:3:      minmay_roachtagon, layout_basic, uniq_ijyb
D:4:      layout_loops_ring, palyth_temple_overflow_mages, minmay_cupped
D:5:      layout_gridville, cheibriados_altar_1, mainiacjoe_overflow_alcove_1,
          ebering_ghost_sewer_f
D:6:      layout_loops_ring, mainiacjoe_overflow_two_lobes,
          mainiacjoe_overflow_swirl, serial_shops,
          nicolae_shop_competitors_out_of_business, uniq_duvessa,
          uniq_eustachio, uniq_blork_the_orc

Skill      XL: |  1  2  3  4  5  6  7  8 |
---------------+-------------------------+-----
Unarmed Combat | 4 5 6 7 9 |  9.7
Fighting       | 2 |  2.6
Dodging        | 3 |  3.2
Spellcasting   | |  2.0
Transmutations | |  2.0

Action                   |  1- 3 |  4- 6 |  7- 9 || total
-------------------------+-------+-------+-------++-------
Melee: Unarmed           |    85 |    86 |   106 ||   277
       Constrict         |    21 |    13 |     7 ||    41
       Tentacles         |     8 |     6 |     8 ||    22
       Kick              |     6 |     1 |     1 ||     8
       Punch             |       |     3 |     3 ||     6
Throw: Javelin           |       |     2 |       ||     2
 Cast: Beastly Appendage |     5 |     1 |     1 ||     7
       Wereblood         |     1 |     2 |     5 ||     8
       Spider Form       |       |     6 |    13 ||    19
Evoke: Wand              |       |       |     2 ||     2
  Use: Potion            |       |     2 |     1 ||     3
 Stab: Sleeping          |     3 |     8 |       ||    11
Armor: Skin              |     6 |     7 |    11 ||    24
Dodge: Dodged            |    54 |    57 |   105 ||   216
